AoeStats
← wilson2012629

Arabia

509788169Analyzed
1v1 RM · 4d ago on Sep 28, 2026· 88m 33s· 2 players
Game mode
Random Map
Map size
Tiny (2 player)
Population
200
Speed
Normal
Resources
Standard
Victory
Conquest
Starting age
Dark Age
Ending age
Imperial Age
RankedLock teamsTeams togetherTeam positionsShared explorationLock speedFull tech treeHidden civsTurbo modeCheats
Victory
Defeat
🇹🇼 Sicilians · Taiwan
907
+38
🇦🇷 Chinese · Argentina
934
-17
wilson2012629
3:01 Loom
10:55 Feudal Age
11:22 Double-Bit Axe
11:47 Horse Collar
23:10 Gold Mining
25:16 Town Watch
26:48 Wheelbarrow
26:51 Scale Mail Armor
27:02 Forging
29:25 Castle Age
31:30 Chain Mail Armor
33:57 Fletching
34:43 Iron Casting
34:07 Stone Mining
36:43 Bow Saw
40:09 Bodkin Arrow
45:34 Imperial Age
44:36 Heavy Plow
47:36 Bracer
51:29 Plate Mail Armor
52:19 Hand Cart
51:30 Elite Serjeant
54:46 Blast Furnace
59:13 Pikeman
61:48 First Crusade
66:59 Padded Archer Armor
66:45 Elite Skirmisher
67:32 Light Cavalry
68:22 Bloodlines
68:13 Husbandry
70:24 Leather Archer Armor
72:49 Cavalier
73:36 Hauberk
74:05 Scale Barding Armor
75:06 Chain Barding Armor
75:14 Conscription
76:45 Hoardings
76:53 Plate Barding Armor
80:41 Town Patrol
82:37 Capped Ram
84:33 Chemistry
83:32 Murder Holes
84:01 Ballistics
85:25 Siege Ram
Papa calienteE
0:27 Loom
9:53 Feudal Age
11:05 Double-Bit Axe
18:33 Fletching
21:47 Castle Age
19:49 Padded Archer Armor
21:23 Horse Collar
22:05 Forging
21:45 Arson
21:59 Gold Mining
22:53 Crossbowman
24:51 Bow Saw
26:04 Heavy Plow
30:39 Bodkin Arrow
31:00 Leather Archer Armor
32:17 Thumb Ring
43:05 Ballistics
47:04 Gold Shaft Mining
53:33 Imperial Age
51:26 Scale Barding Armor
51:56 Iron Casting
52:21 Wheelbarrow
51:47 Light Cavalry
52:39 Bloodlines
54:07 Husbandry
54:32 Chain Barding Armor
55:02 Wheelbarrow
56:59 Blast Furnace
56:34 Plate Barding Armor
57:49 Hand Cart
58:37 Bracer
59:07 Ring Archer Armor
59:54 Ring Archer Armor
65:12 Elite Skirmisher
68:28 Two-Man Saw
72:20 Heavy Rocket Cart
74:35 Chemistry
77:11 Man-at-Arms
77:16 Pikeman
77:57 Squires
77:59 Scale Mail Armor
78:09 Halberdier
79:22 Chain Mail Armor
Connection lost

Rejoining the realm…

Still unreachable

The connection could not be restored.

Session expired

The server has moved on; the page needs a fresh start.